Map: Rainfall LE

Players

Warkry - Winner!

  • Race: Zerg Zerg
  • League: Bronze
  • Spawn Location: 5:00

A.I. 1 (Very Easy)

  • Race: Terran Terran
  • Spawn Location: 11:00

VOD

Have the link to the VOD?

Description

Time

  • Played on: July 11, 2026, 4:02 p.m.
  • Length: 14:30
Show
View Real Time Build Order
Export as new Build Order

Warkry Zerg - Winner!

Build Orders: Hatch First 

Get SALT Encoding   

  8  0:02  Drone  
  9  0:10  Drone  
  10  0:16  Drone  
  11  0:22  Drone  
  12  0:33  Overlord  
  12  0:40  Extractor  
  12  0:41  Drone  
  13  0:52  Drone  
  13  0:54  Drone  
  15  1:15  Hatchery  
  14  1:21  Drone  
  14  1:23  Drone  
  16  1:41  Spawning Pool  
  16  1:42  Drone  
  16  1:48  Drone  
  16  1:49  Drone  
  16  1:53  Drone  
  19  2:02  Extractor  
  19  2:06  Drone  
  19  2:12  Overlord  
  19  2:28  Queen  
  19  2:29  Queen  
  23  2:34  Zergling x2  
  23  2:35  Zergling x2  
  25  2:46  Drone x3  
  28  2:52  Drone  
  29  3:01  Drone x2  
  29  3:04  Overlord  
  31  3:16  Overlord  
  31  3:25  Drone  
  32  3:38  Hatchery  
  32  3:41  Queen  
  31  3:47  Metabolic Boost  
  33  3:51  Drone x4  
  33  3:52  Drone  
  38  4:01  Roach Warren  
  38  4:02  Drone  
  38  4:09  Drone, Extractor  
  38  4:11  Drone x2  
  38  4:15  Overlord  
  38  4:29  Lair  
  38  4:32  Drone  
  38  4:35  Drone x5  
  44  4:44  Extractor  
  43  4:47  Drone x3  
  46  5:04  Drone  
  47  5:07  Roach x2  
  51  5:22  Overlord x3  
  51  5:32  Zergling x2  
  52  5:41  Drone, Extractor  
  52  5:42  Drone x3  
  55  5:48  Roach x3  
  55  5:49  Roach x6  
  73  5:51  Glial Reconstitution  
  73  5:58  Drone x3  
  76  6:08  Evolution Chamber, Drone  
  76  6:09  Evolution Chamber, Drone  
  76  6:11  Overlord x3  
  76  6:29  Drone  
  77  6:34  Roach x2  
  77  6:35  Roach x2  
  77  6:37  Ravager x3  
  77  6:38  Ravager  
  77  6:39  Zergling x22  
  100  6:56  Overlord  
  100  6:57  Overlord x4  
  100  7:14  Queen, Overseer  
  102  7:19  Zergling x12  
  102  7:20  Zergling x4  
  110  7:32  Drone x8  
  110  7:33  Drone  
  119  7:39  Extractor  
  119  7:42  Extractor  
  116  8:31  Pneumatized Carapace  
  116  8:34  Drone  
  116  8:35  Spire  
  116  8:57  Roach x5  
  126  9:03  Drone x2  
  126  9:04  Drone  
  126  9:05  Drone x3  
  126  9:06  Overlord x3  
  132  9:21  Zerg Melee Weapons Level 1, Zerg Ground Armor Level 1  
  132  9:44  Hatchery x2  
  132  9:45  Mutalisk x3  
  130  9:46  Mutalisk x14  
  164  10:12  Overlord x6  
  164  10:13  Overlord  
  164  11:04  Drone x4  
  168  11:15  Zerg Missile Weapons Level 1  
  165  11:46  Drone x2  
  167  11:55  Zerg Melee Weapons Level 2  
  167  11:58  Zerg Flyer Weapons Level 1  
Show
View Real Time Build Order
Export as new Build Order

A.I. 1 (Very Easy) Terran 

Build Orders:  

Get SALT Encoding   

  8  0:00  SCV  
  9  0:13  SCV  
  10  0:25  SCV  
  11  0:37  SCV  
  12  0:46  Supply Depot  
  12  0:49  SCV  
  13  1:07  SCV  
  13  1:10  Barracks  
  14  1:33  Command Center  
  14  1:57  Orbital Command  
  14  1:59  Marine  
  15  2:01  Supply Depot  
  15  2:08  Refinery  
  15  2:19  Refinery  
  15  2:23  SCV  
  16  2:35  SCV  
  17  2:41  Marine  
  18  2:47  SCV  
  18  2:49  SCV  
  20  2:59  SCV  
  20  3:03  SCV  
  22  3:11  SCV  
  23  3:18  SCV  
  24  3:23  Marine  
  24  3:25  SCV  
  26  3:32  SCV  
  27  3:38  Factory  
  27  3:39  SCV  
  28  3:59  Refinery  
  28  4:05  Refinery, Marine  
  29  4:11  Supply Depot  
  29  4:12  SCV  
  28  4:19  SCV  
  29  4:25  Starport  
  29  4:26  SCV  
  30  4:33  SCV  
  31  4:41  SCV  
  31  4:44  Supply Depot  
  32  4:47  Reaper  
  32  4:48  SCV  
  34  4:55  SCV  
  35  5:02  SCV, Starport Tech Lab  
  36  5:10  SCV  
  37  5:17  SCV  
  38  5:22  Raven  
  38  5:24  SCV  
  41  5:29  Marine  
  41  5:31  SCV  
  43  5:38  SCV  
  43  5:42  Supply Depot  
  44  5:45  SCV  
  45  5:53  SCV  
  45  5:56  Raven  
  48  6:12  Barracks Tech Lab  
  48  6:30  Marine  
  49  7:12  Reaper  
  48  7:48  Viking  
  47  7:53  Supply Depot  
  45  8:07  SCV  
  42  8:17  Hellion  
  42  8:18  Raven  
  44  8:46  Hellion  
  46  8:52  Raven  
  48  9:14  Hellion  
  50  9:42  Viking  
  52  10:25  Marauder  
  54  10:50  Reaper, Medivac  
  54  10:51  Supply Depot  
  57  11:09  Factory Tech Lab  
  57  11:17  SCV  
  49  11:20  Medivac  
  49  11:23  Marine  
  50  11:42  Marauder  
  52  11:47  Command Center  
  52  11:50  Raven  
  52  11:52  SCV  
  54  12:03  Reaper, Command Center  
  42  12:10  SCV  
  36  12:17  Siege Tank  
  39  12:23  SCV  
  38  12:34  Command Center  
  38  12:35  SCV  
  38  12:37  Marine  
  24  12:47  SCV  
  20  12:55  Raven  
  20  12:56  Siege Tank  
  19  12:59  SCV  
  12  13:11  SCV  
  7  13:15  Marine  
  7  13:16  SCV  
  9  13:29  Refinery  
  9  13:30  SCV  
  9  13:34  Marine  
  6  13:42  SCV  
  6  13:45  SCV, Refinery  
  8  13:57  SCV  
Tags
 
League
Bronze
Matchup
TvZ
Spawn Locations
Cross Positions
Add a new tag
Caveats
  • Supply blocks, unpowered buildings, or Contaminate may cause inaccurate times.
  • Supply counts are checked every 10 seconds.